 Dungeon Crawl Stone Soup version 0.22-a0-803-gd6d8abe (webtiles) character file.

71412 sking99 the Brawler (level 15, 0/149 HPs)
             Began as an Ogre Transmuter on July 21, 2018.
             Was the Champion of Makhleb.
             Slain by a sun demon (12 damage)
             ... on level 2 of the Orcish Mines on July 22, 2018.
             The game lasted 00:56:08 (25390 turns).

sking99 the Brawler (Ogre Transmuter)              Turns: 25390, Time: 00:56:08

Health: 0/149      AC:  8    Str: 26    XL:     15   Next: 36%
Magic:  19/19      EV: 24    Int: 26    God:    Makhleb [******]
Gold:   2463       SH:  0    Dex: 17    Spells: 8/18 levels left

rFire    . . .     SeeInvis .   b - +7 hunting sling of sking99's Doom {velocity, +Fly Int+8 Dex-2}
rCold    . . .     Gourm    .   (no shield)
rNeg     . . .     Faith    .   G - +0 robe "Folougay" {Dex+5}
rPois    .         Spirit   .   y - +1 hat
rElec    .         Reflect  .   f - +1 cloak
rCorr    .         Harm     .   (gloves unavailable)
MR       +....                  (boots unavailable)
Stlth    ++........             I - amulet of rage
HPRegen  0.34/turn              R - ring "Kasute" {AC+2 Str+8 Int+4}
MPRegen  0.16/turn              i - +6 ring of evasion

@: no status effects
A: large, unfitting armour, tough skin 1
a: Minor Destruction, Lesser Servant of Makhleb, Major Destruction, Greater
Servant of Makhleb, Renounce Religion, Evoke Berserk Rage, Evoke Flight


You were on level 2 of the Orcish Mines.
You worshipped Makhleb.
Makhleb was exalted by your worship.
You were hungry.

You visited 3 branches of the dungeon, and saw 20 of its levels.
You also visited: Ice Cave.

You collected 2463 gold pieces.

Inventory:

Hand Weapons
 b - the +7 hunting sling of sking99's Doom (weapon) {velocity, +Fly Int+8 Dex-2}
   (You found it on level 11 of the Dungeon)

   Any stone fired from it inflicts extra damage.
   It affects your intelligence (+8).
   It affects your dexterity (-2).
   It lets you fly.
Missiles
 a - 437 arrows
Armour
 f - a +1 cloak (worn)
 y - a +1 hat (worn)
 G - the +0 robe "Folougay" (worn) {Dex+5}
   (You found it on level 11 of the Dungeon)

   It affects your dexterity (+5).
Jewellery
 i - a +6 ring of evasion (right hand)
 l - an uncursed ring of protection from magic
 r - an uncursed ring of positive energy
 x - an uncursed ring of poison resistance
 B - an uncursed ring of resist corrosion
 H - an uncursed ring of ice
 I - an amulet of rage (around neck)
 J - an uncursed ring of positive energy
 R - the ring "Kasute" (left hand) {AC+2 Str+8 Int+4}
   (You found it on level 6 of the Lair of Beasts)

   [ring of protection]

   It affects your AC (+2).
   It affects your strength (+8).
   It affects your intelligence (+4).
Wands
 c - a wand of iceblast (17)
 n - a wand of flame (48)
 t - a wand of enslavement (20)
 v - a wand of paralysis (10)
 A - a wand of disintegration (60)
 C - a wand of digging (28)
 E - a wand of random effects (13)
 K - a wand of clouds (10)
Scrolls
 j - 8 scrolls of remove curse
 m - a scroll of fear
 p - 2 scrolls of enchant armour
 w - 4 scrolls of immolation
 D - 5 scrolls of teleportation
 F - 3 scrolls of blinking
 L - a scroll of amnesia
 O - 2 scrolls of identify
 P - a scroll of holy word {unknown}
Potions
 e - 6 potions of flight
 g - 6 potions of lignification
 h - 2 potions of cancellation
 k - 6 potions of mutation {unknown}
 o - 16 potions of curing
 q - a potion of berserk rage
 s - 3 potions of agility
 u - 3 potions of might
 z - 2 potions of degeneration
 M - a potion of brilliance {unknown}
Comestibles
 d - 33 rations
 N - 3 chunks of flesh


   Skills:
 - Level 10.1 Fighting
 + Level 11.4 Dodging
 * Level 17.3 Unarmed Combat
 - Level 2.4 Spellcasting
 - Level 8.0 Transmutations
 - Level 4.0 Ice Magic
 - Level 1.0 Poison Magic
 - Level 6.0 Invocations


You had 8 spell levels left.
You knew the following spells:

 Your Spells              Type           Power        Failure   Level  Hunger
a - Beastly Appendage     Tmut           #####.       1%          1    None
b - Sticks to Snakes      Tmut           #####...     1%          2    ##.....
c - Spider Form           Tmut/Pois      ####......   4%          3    ###....
d - Ice Form              Ice/Tmut       ####....     9%          4    ####...

Your spell library contained the following spells:

 Spells                   Type           Power        Failure   Level  Hunger
 Magic Dart               Conj           #...         10%         1    None
 Fireball                 Conj/Fire      #.........   95%         5    ######.
 Conjure Flame            Conj/Fire      #.......     30%         3    ###....
 Throw Flame              Conj/Fire      #.....       16%         2    ##.....
 Iskenderun's Mystic Bla  Conj           #.......     69%         4    ####...
 Sticky Flame             Conj/Fire      #.......     69%         4    ####...
 Blade Hands              Tmut           #####.....   11%         5    ######.
 Flame Tongue             Conj/Fire      #....        10%         1    None
 Inner Flame              Hex/Fire       #.......     30%         3    ###....
 Fulminant Prism          Conj/Hex       #.........   69%         4    ####...
 Dazzling Spray           Conj/Hex       #.....       30%         3    ###....
 Force Lance              Conj/Tloc      #.......     69%         4    ####...
 Searing Ray              Conj           #.....       16%         2    ##.....


Dungeon Overview and Level Annotations

Branches:
Dungeon (12/15)            Temple (0/1) D:7            Lair (6/6) D:8
 Shoals (0/4) Lair:3       Spider (0/4) Lair:4        Slime (0/5) Lair:6
    Orc (2/2) D:11            Elf (0/3) Orc:2

Altars:
Ashenzari
Cheibriados
Dithmenos
Elyvilon
Makhleb
Uskayaw
Xom
Zin
Beogh

Shops:
D:4 [   D:9 }!([=   D:12 [   Orc:2 %!

Portals:
Bazaar: D:11

Annotations:
D:6 1 runed door, Deathmic's ghost, novice OpAs
D:11 exclusion: obsidian statue
Lair:2 4 runed doors, melvinkitnick's ghost, journeyman CeHu


Innate Abilities, Weirdness & Mutations

You are too large for most types of armour.
You have tough skin. (AC +1)


Message History

The sun demon hits you.
You are engulfed in flames!
The fire burns you terribly!
You barely miss the sun demon.
The sun demon is lightly wounded.
The sun demon hits you!
You are engulfed in flames!
The fire burns you terribly!
You hit the sun demon. You freeze the sun demon.
The sun demon is moderately wounded.
The sun demon hits you!!
* * * LOW HITPOINT WARNING * * *
You are engulfed in flames!!
The fire burns you terribly!
* * * LOW HITPOINT WARNING * * *
You warm up again.
The +7 hunting sling of sking99's Doom {velocity, +Fly Int+8 Dex-2} unmelds from your body.
Your +1 cloak unmelds from your body.
Your +1 hat unmelds from your body.
The +0 robe "Folougay" {Dex+5} unmelds from your body.
The sun demon hits you!
* * * LOW HITPOINT WARNING * * *
You are engulfed in flames!
You die...

##.##......# #.... ###.
###.#....###.#.. #..
##.......###.... ##.
#.......###...# ##
##...#.###...# ##..####...#
##..###...# ##.####)#.## #
###..###..@## #.
###.#...###3#)## #.#
##......(.###)..## ##...
#.......)..###...## ##...#
##.###.)##(.###...##
##...##
####...###.)###...##
##...###
#....###).###...###...###)
##.....###..##....#...)##..
#...#...###..#.#..)..#.#()#


You could see a sun demon.

Vanquished Creatures
  Kirke (D:12)
  An orc warlord (Orc:1)
  A white draconian (IceCv)
  Josephine (D:12)
  6 hydras
  An ice dragon (D:12)
  Fannar (D:12)
  3 catoblepae (Lair:6)
  6 two-headed ogres
  3 orc high priests (Orc:2)
  9 death yaks (Lair:6)
  A wolf spider zombie (D:12)
  3 orc sorcerers
  3 orc knights (Orc:2)
  2 manticores (Lair:6)
  4 oklob plants (Lair:6)
  A cyclops (Orc:2)
  3 elephants (Lair:6)
  Maurice (D:8)
  2 ice statues (IceCv)
  6 black mambas
  A rust devil (Orc:2)
  12 spiny frogs
  3 orange demons (Orc:2)
  A centaur skeleton (D:11)
  A rime drake (Lair:6)
  5 komodo dragons
  4 trolls
  A jumping spider (shapeshifter) (D:8)
  21 polar bears
  18 blink frogs
  A dream sheep (Lair:2)
  12 hippogriffs
  5 wraiths
  A basilisk (Lair:3)
  A hog (D:12)
  34 yaks
  A wyvern (D:9)
  A hungry ghost (D:11)
  Grum (D:9)
  Menkaure (D:6)
  3 wargs (Orc:1)
  2 hell hounds (D:8)
  6 water moccasins
  10 porcupines
  3 ice beasts
  30 orc warriors
  4 sky beasts
  A black bear (D:7)
  5 necrophages
  11 centaurs
  16 wolves
  8 ogres
  12 crocodiles
  A big kobold (D:11)
  17 bullfrogs
  7 scorpions
  8 killer bees
  8 wights
  A howler monkey (D:8)
  An electric eel (Lair:4)
  8 crimson imps
  5 bullfrog zombies
  A quasit (D:8)
  28 orc priests
  2 jellies
  4 bullfrog skeletons
  6 hounds
  20 orc wizards
  Ijyb (D:3)
  Jessica (D:2)
  2 iguanas
  Terence (D:2)
  A hell rat (Lair:6)
  8 worker ants
  A hound skeleton (D:7)
  Robin (D:2)
  4 worker ant zombies
  11 adders
  7 gnolls
  2 river rats (Lair:1)
  4 shadow imps
  An ooze (D:1)
  3 adder skeletons
  6 worms
  5 leopard geckos
  69 orcs
  4 ball pythons
  7 bats
  9 giant cockroaches
  18 goblins
  10 hobgoblins
  7 jackals
  7 quokkas
  4 frilled lizards
  17 kobolds
  5 rats
628 creatures vanquished.

Vanquished Creatures (collateral kills)
  Grinder (D:6)
  A troll (D:12)
  A killer bee (D:12)
3 creatures vanquished.

Vanquished Creatures (others)
  15 fungi
  16 plants (Lair:6)
  13 toadstools (Lair:2)
44 creatures vanquished.

Grand Total: 675 creatures vanquished

Notes
Turn   | Place    | Note
-------+----------+-------------------------------------------
     0 | D:1      | sking99 the Ogre Transmuter began the quest for the Orb.
     0 | D:1      | Reached XP level 1. HP: 19/19 MP: 3/3
   445 | D:1      | Reached skill level 3 in Unarmed Combat
   696 | D:1      | Reached XP level 2. HP: 28/28 MP: 5/5
  1140 | D:1      | Reached XP level 3. HP: 24/36 MP: 6/6
  1296 | D:1      | Learned a level 2 spell: Sticks to Snakes
  1300 | D:1      | Learned a level 3 spell: Spider Form
  1778 | D:2      | Noticed Robin
  1785 | D:2      | Killed Robin
  1793 | D:2      | Reached XP level 4. HP: 37/44 MP: 4/7
  1984 | D:2      | Found a snail-covered altar of Cheibriados.
  1984 | D:2      | Found a glowing silver altar of Zin.
  1985 | D:2      | Found a hide-covered altar of Uskayaw.
  2059 | D:2      | Noticed Terence
  2079 | D:2      | Killed Terence
  2079 | D:2      | Reached skill level 1 in Poison Magic
  2206 | D:2      | Noticed Jessica
  2229 | D:2      | Killed Jessica
  2229 | D:2      | Reached XP level 5. HP: 47/50 MP: 4/8
  2321 | D:2      | Reached skill level 4 in Unarmed Combat
  2936 | D:3      | Found a burning altar of Makhleb.
  3129 | D:3      | Became a worshipper of Makhleb the Destroyer
  3306 | D:3      | Reached XP level 6. HP: 48/59 MP: 9/9
  3442 | D:3      | Noticed Ijyb
  3450 | D:3      | Killed Ijyb
  3997 | D:3      | Reached * piety under Makhleb
  4472 | D:4      | Found a shattered altar of Ashenzari.
  4541 | D:4      | Reached skill level 5 in Unarmed Combat
  5129 | D:4      | Found Plog's Armour Shoppe.
  5255 | D:5      | Entered Level 5 of the Dungeon
  5264 | D:5      | Reached XP level 7. HP: 59/70 MP: 6/10
  5386 | D:5      | You fall through a shaft for 3 floors!
  5386 | D:8      | Found a staircase to the Lair.
  5386 | D:8      | Noticed Maurice
  5503 | D:8      | Reached skill level 6 in Unarmed Combat
  5604 | D:8      | Reached skill level 5 in Fighting
  5636 | D:8      | Reached XP level 8. HP: 56/80 MP: 11/11
  5784 | D:8      | Killed Maurice
  5784 | D:8      | Reached skill level 7 in Unarmed Combat
  5801 | D:8      | Noticed a meliai
  5801 | D:8      | Noticed a troll
  5801 | D:8      | a meliai changed into a troll
  5836 | D:8      | Noticed a tarantella
  5844 | D:8      | Noticed a troll
  5844 | D:8      | a tarantella changed into a troll
  6168 | D:7      | Reached skill level 8 in Unarmed Combat
  6181 | D:7      | Reached ** piety under Makhleb
  6214 | D:7      | Reached XP level 9. HP: 87/93 MP: 12/12
  6371 | D:6      | Noticed Grinder
  6388 | D:6      | Killed Grinder
  6388 | D:6      | Reached skill level 9 in Unarmed Combat
  6583 | D:6      | Noticed Deathmic's ghost (novice OpAs)
  7204 | D:5      | Found a shadowy altar of Dithmenos.
  7457 | D:6      | Found a runed door.
  7481 | D:6      | Got a pitted whip
  7847 | D:6      | Noticed Menkaure
  7852 | D:6      | Killed Menkaure
  8669 | D:7      | Reached skill level 10 in Unarmed Combat
  8670 | D:7      | Found a staircase to the Ecumenical Temple.
  8938 | D:7      | Found a shimmering altar of Xom.
  8939 | D:7      | Found a shimmering altar of Xom.
  8940 | D:7      | Found a shimmering altar of Xom.
  8941 | D:7      | Found a shimmering altar of Xom.
  9240 | D:7      | Found a shattered altar of Ashenzari.
  9416 | D:7      | Reached XP level 10. HP: 102/102 MP: 13/13
  9764 | D:8      | Reached skill level 5 in Dodging
  9764 | D:8      | Reached skill level 1 in Invocations
  9824 | D:8      | Reached *** piety under Makhleb
 10246 | D:9      | Found Qatusu Qeogg's Antique Weapon Boutique.
 10273 | D:9      | Identified the +5 whip "Spider's Death" {vamp, Dex+3 Stlth-} (You found it on level 6 of the Dungeon)
 10303 | D:9      | Found Nixaohy's Gadget Shop.
 10348 | D:9      | Found Yduhex's Antique Armour Shop.
 10416 | D:9      | Found a white marble altar of Elyvilon.
 10566 | D:9      | Learned a level 4 spell: Ice Form
 10660 | D:9      | Found Ulass's Jewellery Shoppe.
 10831 | D:9      | Reached skill level 1 in Ice Magic
 10841 | D:9      | Found Weud's Distillery.
 10844 | D:9      | Noticed Grum
 10856 | D:9      | Killed Grum
 11553 | D:10     | Entered Level 10 of the Dungeon
 11555 | D:10     | Noticed a two-headed ogre
 11564 | D:10     | Killed a two-headed ogre
 11564 | D:10     | Reached skill level 5 in Transmutations
 11564 | D:10     | Reached skill level 5 in Invocations
 11777 | D:10     | Reached XP level 11. HP: 109/109 MP: 15/15
 12324 | D:10     | Noticed a two-headed ogre
 12344 | D:10     | Killed a two-headed ogre
 12812 | D:11     | Got a wizard robe
 12823 | D:11     | Identified the +0 robe "Folougay" {Dex+5} (You found it on level 11 of the Dungeon)
 13282 | D:11     | Reached **** piety under Makhleb
 13599 | D:11     | Got a jewelled war axe {chop}
 13600 | D:11     | Identified the +8 war axe "Ofaisim" {chop, Str+3 Dex+3} (You took it off an orc warrior on level 11 of the Dungeon)
 13606 | D:11     | Identified the +7 hunting sling of sking99's Doom {velocity, +Fly Int+8 Dex-2} (You found it on level 11 of the Dungeon)
 13621 | D:11     | Noticed an obsidian statue
 13625 | D:11     | Found a gateway to a bazaar.
 13628 | D:11     | Noticed a sixfirhy
 13633 | D:11     | Noticed a soul eater
 13635 | D:11     | HP: 3/130 [chaos spawn[an obsidian statue] (15)]
 14149 | D:11     | Found a staircase to the Orcish Mines.
 14371 | Lair:1   | Entered Level 1 of the Lair of Beasts
 14682 | Lair:1   | Reached skill level 11 in Unarmed Combat
 15387 | Lair:2   | Reached XP level 12. HP: 122/122 MP: 13/16
 15405 | Lair:2   | Noticed an eight-headed hydra
 15414 | Lair:2   | Killed an eight-headed hydra
 15926 | Lair:2   | Found a runed gate.
 15926 | Lair:2   | Noticed a five-headed hydra
 15927 | Lair:2   | Found a runed gate.
 15927 | Lair:2   | Noticed melvinkitnick's ghost (journeyman CeHu)
 15928 | Lair:2   | Found a runed gate.
 15969 | Lair:2   | Reached skill level 12 in Unarmed Combat
 16111 | Lair:2   | Noticed a seven-headed hydra
 16213 | Lair:2   | Noticed a seven-headed hydra
 16222 | Lair:2   | Killed a seven-headed hydra
 16333 | Lair:2   | Reached skill level 10 in Fighting
 16440 | Lair:2   | Found a runed door.
 16533 | Lair:2   | Upgraded the game from 0.22-a0-799-g88f5e90 to 0.22-a0-803-gd6d8abe
 16799 | Lair:3   | Found a staircase to the Shoals.
 16801 | Lair:3   | Noticed an eight-headed hydra
 16813 | Lair:3   | Killed an eight-headed hydra
 17099 | Lair:3   | Noticed a four-headed hydra
 17117 | Lair:3   | Killed a four-headed hydra
 17133 | Lair:3   | Reached ***** piety under Makhleb
 18022 | Lair:4   | Reached skill level 13 in Unarmed Combat
 18591 | Lair:4   | Found a hole to the Spider Nest.
 19501 | Lair:5   | Reached XP level 13. HP: 133/133 MP: 12/17
 20134 | Lair:6   | Entered Level 6 of the Lair of Beasts
 20245 | Lair:6   | Reached skill level 14 in Unarmed Combat
 20597 | Lair:6   | Found a staircase to the Slime Pits.
 20902 | Lair:6   | Reached skill level 15 in Unarmed Combat
 21211 | Lair:6   | Reached XP level 14. HP: 143/143 MP: 16/18
 21526 | Lair:6   | Got a pitted brass ring
 21527 | Lair:6   | Identified the ring "Kasute" {AC+2 Str+8 Int+4} (You found it on level 6 of the Lair of Beasts)
 22707 | D:12     | Found a frozen archway.
 22712 | D:12     | Reached skill level 10 in Dodging
 22748 | IceCv    | Entered an ice cave
 22800 | IceCv    | Reached ****** piety under Makhleb
 22806 | IceCv    | Reached skill level 16 in Unarmed Combat
 23141 | IceCv    | Noticed a white draconian
 23163 | IceCv    | Killed a white draconian
 23506 | D:12     | Noticed Josephine
 23509 | D:12     | Killed Josephine
 23611 | D:12     | Found Hurghuigh's Armour Emporium.
 23788 | D:12     | Noticed Fannar
 23795 | D:12     | Killed Fannar
 23880 | D:12     | Noticed Kirke
 23882 | D:12     | Noticed a sphinx
 23891 | D:12     | Killed Kirke
 24058 | Orc:1    | Entered Level 1 of the Orcish Mines
 24104 | Orc:1    | Found a roughly hewn altar of Beogh.
 24155 | Orc:1    | Noticed an orc warlord
 24168 | Orc:1    | Reached XP level 15. HP: 149/149 MP: 16/19
 24178 | Orc:1    | Killed an orc warlord
 24531 | Orc:2    | Entered Level 2 of the Orcish Mines
 24563 | Orc:2    | Found a staircase to the Elven Halls.
 24569 | Orc:2    | Reached skill level 17 in Unarmed Combat
 24842 | Orc:2    | Found Amuifyu's Distillery.
 24848 | Orc:2    | Found Ygeulix's Food Shop.
 25390 | Orc:2    | Slain by a sun demon

Vault maps used:
D:1:      onia_arrival_pentagram
D:2:      gammafunk_temple_overflow_forgotten, first_ration, uniq_robin,
          uniq_terence, uniq_jessica
D:3:      overflow_temple_1_default, st_stairs_10, serial_bayou_lagoon_b,
          uniq_ijyb
D:4:      serial_shops, kennysheep_mini_moat, ashenzari_altar_1
D:5:      nicolae_overflow_crystal_walls
D:6:      cheibrodos_quashed, hellmonk_ghost_happy_afterlife, uniq_grinder,
          uniq_menkaure
D:7:      xom_redecorated, kennysheep_little_box, minmay_temple_entry_overgrown,
          grunt_ogre_cave
D:8:      minmay_lair_entry_lava, uniq_maurice
D:9:      lemuel_crystal_altar, serial_shops, shop, nicolae_shop_trees,
          nicolae_shop_temple_entry_statues_fountains, nicolae_shop_waterfront,
          shop_statue, uniq_grum
D:10:     serial_undead, serial_undead_c, serial_undead_b, serial_undead_f,
          serial_undead_d
D:11:     orc_0_dummy, serial_shops, statue_bzr, minmay_unpleasant_kobolds
D:12:     portal_ice_cave_entry_animals_and_master, serial_shops, shop,
          uniq_kirke, uniq_josephine, uniq_fannar
Lair:1:   st_stairs_3, minivault_27, pond
Lair:2:   gammafunk_lair_enchanted_lake, gammafunk_ghost_split
Lair:3:   shoals_dummy_entry
Lair:4:   nicolae_spider_entry_non_spiders, serial_bayou_shore_a
Lair:5:   lemuel_fruit_tree, infiniplex_staircase_pool_2
Lair:6:   evilmike_catoblepas_cave, slime_dummy, minmay_lair_oklob_chamber
Orc:1:    basic_altar
Orc:2:    pf_orc_diabolical
IceCv:    ice_cave_small_giant

Skill      XL: |  1  2  3  4  5  6  7  8  9 10 11 12 13 14 15 |
---------------+----------------------------------------------+-----
Unarmed Combat | 3 4 5 6 8 10 11 13 15 16 17 | 17.3
Fighting       | 2 4 5 7 8 10 | 10.1
Transmutations | 2 3 4 5 8 |  8.0
Poison Magic   | 1 |  1.0
Dodging        | 2 4 6 7 9 10 11 | 11.4
Invocations    | 5 6 |  6.0
Ice Magic      | 3 4 |  4.0
Spellcasting   | |  2.4

Action                   |  1- 3 |  4- 6 |  7- 9 | 10-12 | 13-15 || total
-------------------------+-------+-------+-------+-------+-------++-------
Melee: Unarmed           |   181 |   282 |   318 |   780 |   800 ||  2361
       Kick              |     1 |       |       |       |       ||     1
       Punch             |       |     7 |     4 |    32 |     2 ||    45
       Hunting sling     |       |       |       |     6 |       ||     6
 Cast: Beastly Appendage |     2 |       |       |       |       ||     2
       Spider Form       |     1 |    10 |    24 |    14 |       ||    49
       Sticks to Snakes  |       |       |     4 |     4 |       ||     8
       Ice Form          |       |       |       |    29 |    47 ||    76
Invok: Minor Destruction |       |       |       |       |     7 ||     7
       Lesser Servant of |       |       |       |       |     1 ||     1
 Abil: End Transformatio |       |       |       |       |     2 ||     2
Evoke: Wand              |       |       |       |       |     2 ||     2
  Use: Scroll            |       |     7 |     7 |     8 |     4 ||    26
       Potion            |       |       |     1 |     2 |       ||     3
 Stab: Sleeping          |       |       |     1 |     5 |       ||     6
  Eat: Chunk             |     3 |     8 |    10 |    21 |    29 ||    71
       Ration            |       |     1 |     3 |     7 |       ||    11
Armor: Robe              |    51 |    55 |    28 |    39 |     2 ||   175
       Skin              |     1 |     3 |     5 |    45 |   109 ||   163
Dodge: Dodged            |    90 |   115 |   179 |   696 |   633 ||  1713

Table legend:
 A = Spawn XP
 B = Non-spawn XP
 C = Spawn XP percentage of total XP
 D = Spawn monster count
 E = Non-spawn monster count
 F = Spawn count percentage of total count
 G = Total turns spent on level
                    A         B        C        D         E        F      G
               +---------+---------+-------+---------+---------+-------+---------
         Total |       0 |  102018 |   0.0 |       0 |     631 |   0.0 | 25390
               +---------+---------+-------+---------+---------+-------+---------
           D:1 |       0 |      56 |   0.0 |       0 |      30 |   0.0 |  1768
           D:2 |       0 |     162 |   0.0 |       0 |      28 |   0.0 |  1340
           D:3 |       0 |     325 |   0.0 |       0 |      32 |   0.0 |  1379
           D:4 |       0 |      70 |   0.0 |       0 |       8 |   0.0 |   770
           D:5 |       0 |     463 |   0.0 |       0 |      15 |   0.0 |   999
           D:6 |       0 |    1321 |   0.0 |       0 |      31 |   0.0 |  1456
           D:7 |       0 |    1124 |   0.0 |       0 |      21 |   0.0 |  1559
           D:8 |       0 |    1905 |   0.0 |       0 |      25 |   0.0 |  1032
           D:9 |       0 |    2265 |   0.0 |       0 |      27 |   0.0 |  1354
          D:10 |       0 |    3258 |   0.0 |       0 |      15 |   0.0 |  1210
          D:11 |       0 |    3321 |   0.0 |       0 |      44 |   0.0 |  1647
          D:12 |       0 |   13084 |   0.0 |       0 |      48 |   0.0 |   932
        Lair:1 |       0 |    2183 |   0.0 |       0 |      16 |   0.0 |   840
        Lair:2 |       0 |    6594 |   0.0 |       0 |      21 |   0.0 |  1417
        Lair:3 |       0 |    4267 |   0.0 |       0 |      11 |   0.0 |  1411
        Lair:4 |       0 |    4578 |   0.0 |       0 |      25 |   0.0 |  1509
        Lair:5 |       0 |    1444 |   0.0 |       0 |       7 |   0.0 |   695
        Lair:6 |       0 |   29116 |   0.0 |       0 |      74 |   0.0 |  2105
         Orc:1 |       0 |    5916 |   0.0 |       0 |      39 |   0.0 |   473
         Orc:2 |       0 |   11056 |   0.0 |       0 |      78 |   0.0 |   859
         IceCv |       0 |    9510 |   0.0 |       0 |      36 |   0.0 |   635
               +---------+---------+-------+---------+---------+-------+---------
